woodfighter, neutral female human Healer --------- --.......| `################ ------ |........| # -----# |....| |.........## |...|##### |.....#### |........| -----...-----############...%.| # |........| ##............| |.<..| ### --.......| # |.....>......# --.--- # --|------ ### -----...-----# ## ### # # |...| ### # # # ### -.---#################### ### ### # ##### ### -.------.--- # # ### # --..........-- #### ### # ##-.......>....| B # # |............+ `##@## ## # |............| ----|-# |............| |}...-# -------------- |....| ------ woodfighter the Rhizotomist Experience level: 2 Strength: 12 Dexterity: 9 Constitution: 14 Intelligence: 8 Wisdom: 16 Charisma: 17 Health: 0(18) Energy: 18(18) Def: 2 Gold: 1363 Moves: 1325 Dungeon seed: Np_bVDQnx96GKcIr Game ID: woodfighter_1509742845 Your Inventory: Coins $ - 1363 gold pieces Weapons a - a +0 scalpel (weapon in hand) Armor e - an uncursed +1 pair of leather gloves (being worn) Comestibles j - 5 blessed eucalyptus leaves k - 3 blessed sprigs of wolfsbane l - a blessed clove of garlic m - 5 uncursed apples p - an uncursed cram ration q - an uncursed tripe ration x - 2 uncursed cream pies C - an uncursed orange Scrolls n - a cursed scroll of identify w - an uncursed scroll of enchant armor F - an uncursed scroll of scare monster Spellbooks g - a blessed spellbook of healing h - a blessed spellbook of extra healing i - a blessed spellbook of stone to flesh Potions c - 4 uncursed potions of healing d - 4 uncursed potions of extra healing o - an uncursed potion of gain level D - an uncursed potion of enlightenment Wands f - a wand of sleep (0:7) r - a wand of undead turning (0:8) s - a blessed wand of enlightenment (0:15) A - a wand of enlightenment (0:11) Tools b - an uncursed stethoscope Spells and supernatural/magical abilities: Name Level Category Fail Memory h - healing 1 healing 15% 94% x - extra healing 3 healing 100% 94% S - stone to flesh 3 healing 100% 94% W - pray for help -- divine ? -- Your skills at the end: Miscellaneous Skills wands [Basic] Weapon Skills knife [Basic] Spellcasting Skills healing spells [Basic] Final Attributes: You were devoutly aligned. You were poison resistant. You were very stealthy. You were lucky. You are dead. Vanquished creatures: a kitten a large kobold a giant rat a yellow mold 4 jackals a kobold 3 newts a sewer rat 2 grid bugs a lichen 16 creatures vanquished. Voluntary challenges: You did not adorn yourself with jewelry or accessories. You did not cause conflict. You were not invisible. You did not have reflection. You were not displaced. You were an atheist. You used a wielded weapon 28 times, starting on turn 33. You did not apply a unicorn horn. You did not use plumbed fixtures. You did not drink any magical draughts. You were illiterate. You never genocided any monsters. You never polymorphed an object. You never changed form. You used no wishes. You never split a pudding. You never wrote Elbereth's name. You never violated your personal moral code. Dungeon overview: The Dungeons of Doom: levels 1 to 5 Level 1 (box) a sink a long staircase Level 2 a delicatessen, some fountains Level 3 a fountain Level 4 <- You were here stairs to The Gnomish Mines Level 5 The Gnomish Mines: Level 5 stairs to The Dungeons of Doom History has recorded: On T:1 you entered the Dungeons of Doom to retrieve the Amulet of Yendor! On T:391 you reached level 2 of The Dungeons of Doom. On T:663 you reached level 3 of The Dungeons of Doom. On T:832 you reached level 4 of The Dungeons of Doom. On T:1126 you advanced to experience level 2. On T:1127 you reached level 1 of The Gnomish Mines. On T:1161 you reached level 5 of The Dungeons of Doom. Score breakdown: Gold: 305 ( 30 points) Experience: 2 levels ( 100 points) Exploration: 5 levels ( 120 points) Discoveries: 7 items ( 350 points) Variety of kills: 10 monsters ( 500 points) Major goal: (nothing yet) ( 0 points) Survival: died (score multiplied by 3) Total score: 3300 Latest messages: You displace kitty. You stop exploring. (3x) This door is locked. As you kick the door, it crashes open! You are beginning to feel hungry. You stop exploring. This lichen corpse tastes terrible! You finish eating the lichen corpse. This lichen corpse tastes terrible! You finish eating the lichen corpse. You hear some noises. You try to move the boulder, but in vain. (2x) Kitty is killed! You stop exploring. The giant bat bites! You hack the giant bat. The giant bat is moderately wounded. The giant bat bites! (2x) You slash the giant bat. The giant bat is heavily wounded. The giant bat bites! (2x) You slash the giant bat. The giant bat is horribly wounded. The giant bat bites! You die... Final status: Goodbye woodfighter the Healer, killed by a giant bat... You died in The Dungeons of Doom on dungeon level 4 with 3300 points, and 1363 pieces of gold, after 1325 moves. You were level 2 with a maximum of 18 hit points when you died.